 Dungeon Crawl Stone Soup version 0.22-a0-769-g178e55541d (webtiles) character file.

56 Htamos the Conjurer (level 3, -2/21 HPs)
             Began as an Octopode Conjurer on July 17, 2018.
             Slain by Sigmund
             ... wielding a +0 scythe
              (10 damage)
             ... on level 2 of the Dungeon.
             The game lasted 00:02:39 (1975 turns).

Htamos the Conjurer (Octopode Conjurer)             Turns: 1975, Time: 00:02:40

Health: -2/21      AC:  1    Str:  7    XL:     3   Next: 95%
Magic:  5/7        EV: 13    Int: 18    God:
Gold:   50         SH:  0    Dex: 12    Spells: 6/7 levels left

rFire    . . .     SeeInvis .   f - +0 dagger
rCold    . . .     Gourm    .   (no shield)
rNeg     . . .     Faith    .   (helmet restricted)
rPois    .         Spirit   .   (no amulet)
rElec    .         Reflect  .   (no ring)
rCorr    .         Harm     .   (no ring)
MR       .....                  (no ring)
Stlth    +++.......             (no ring)
HPRegen  0.07/turn              (no ring)
MPRegen  0.10/turn              (no ring)
                                (no ring)
                                (no ring)

@: very slightly contaminated
A: almost no armour, stealthy swim, amphibious, 8 rings, constrict 8, camouflage
1, gelatinous body 1
a: no special abilities


You were on level 2 of the Dungeon.
You were not hungry.

You visited 1 branch of the dungeon, and saw 2 of its levels.

You collected 50 gold pieces.

Inventory:

Hand Weapons
 f - a +0 dagger (weapon)
Jewellery
 i - an uncursed ring of protection from magic {unknown}
 j - an uncursed ring of flight {unknown}
Scrolls
 a - 2 scrolls of remove curse {unknown}
 e - 2 scrolls of teleportation {unknown}
 g - a scroll of enchant weapon {unknown}
 h - 2 scrolls of blinking {unknown}
 l - a scroll of identify {unknown}
Potions
 d - a potion of resistance {unknown}
 k - a potion of curing {unknown}
Comestibles
 b - 7 rations
 c - 4 chunks of flesh


   Skills:
 - Level 2.0 Dodging
 + Level 4.0 Stealth
 + Level 2.7 Spellcasting
 + Level 4.5 Conjurations


You had 6 spell levels left.
You knew the following spells:

 Your Spells              Type           Power        Failure   Level  Hunger
a - Magic Dart            Conj           ###.         2%          1    #......

Your spell library contained the following spells:

 Spells                   Type           Power        Failure   Level  Hunger
 Iskenderun's Mystic Bla  Conj           ###.....     26%         4    #####..
 Fulminant Prism          Conj/Hex       ##........   54%         4    #####..
 Dazzling Spray           Conj/Hex       ##....       21%         3    ###....
 Force Lance              Conj/Tloc      ##......     54%         4    #####..
 Searing Ray              Conj           ###...       4%          2    ##.....


Dungeon Overview and Level Annotations

Branches:
Dungeon (2/15)

Altars:

Annotations:
D:2 exclusion: 2 gnolls, Sigmund


Innate Abilities, Weirdness & Mutations

You cannot wear most types of armour.
You are very stealthy in the water. (Stealth+)
You are amphibious.
You can wear up to eight rings at the same time.
You can use your tentacles to constrict eight enemies at once.
Your skin changes colour to match your surroundings (Stealth+).
Your rubbery body absorbs attacks. (AC +1, EV +1)


Message History

You are confused.
You're too confused to cast spells.
You're too confused to cast spells.
Sigmund gestures at you while chanting.
You are more confused.
Sigmund says, "You will soon forget everything."
You bump into the rock wall.
Sigmund mumbles some strange words.
Sigmund flickers and vanishes!
Deactivating autopickup; reactivate with Ctrl-A.
You bump into the rock wall.
Something hits you.
You bump into the rock wall.
You bump into the rock wall.
Something hits you.
You bump into the rock wall.
Something hits you!
* * * LOW HITPOINT WARNING * * *
You bump into the rock wall.
You bump into the rock wall.
You feel less confused. Something hits you!
You die...

#.# #.# #.# #.#
#.##############
#.).............
#####
#..#############
#...#####..#
#....{.@>..#
#...#####.##
##.## #.# #.#
#.# #.# #.# ..#
#.# ..# #.# ...#
#.# .#.######.#


There were no monsters in sight!

Vanquished Creatures
  An adder (D:2)
  2 worms (D:2)
  A dart slug (D:2)
  2 leopard geckos (D:2)
  2 bats (D:1)
  4 giant cockroaches
  6 hobgoblins
  3 jackals (D:2)
  3 kobolds
  A frilled lizard (D:2)
  3 goblins
  7 rats
35 creatures vanquished.

Vanquished Creatures (others)
  5 toadstools (D:1)
5 creatures vanquished.

Grand Total: 40 creatures vanquished

Notes
Turn   | Place    | Note
-------+----------+-------------------------------------------
     0 | D:1      | Htamos the Octopode Conjurer began the quest for the Orb.
     0 | D:1      | Reached XP level 1. HP: 11/11 MP: 3/3
   322 | D:1      | Reached XP level 2. HP: 17/17 MP: 1/5
  1050 | D:2      | Reached XP level 3. HP: 21/21 MP: 1/6
  1958 | D:2      | Noticed Sigmund
  1975 | D:2      | Slain by Sigmund

Vault maps used:
D:1:      ldierk_walled_garden, minmay_misc_feat_square, minmay_pentomino_s2
D:2:      first_ration, uniq_sigmund

Skill      XL: |  1  2  3 |
---------------+----------+-----
Stealth        | 3 4 |  4.0
Dodging        | |  2.0
Spellcasting   | |  2.7
Conjurations   | |  4.5

Action                   || total
-------------------------++-------
Melee: Unarmed           ||    14
       Constrict         ||     6
       Dagger            ||     6
       Tentacles         ||     1
 Cast: Magic Dart        ||    74
 Stab: Sleeping          ||     1
  Eat: Chunk             ||     4
Armor: Skin              ||     1
Dodge: Dodged            ||    15

Table legend:
 A = Spawn XP
 B = Non-spawn XP
 C = Spawn XP percentage of total XP
 D = Spawn monster count
 E = Non-spawn monster count
 F = Spawn count percentage of total count
 G = Total turns spent on level
                    A         B        C        D         E        F      G
               +---------+---------+-------+---------+---------+-------+---------
         Total |       0 |      80 |   0.0 |       0 |      35 |   0.0 |  1975
               +---------+---------+-------+---------+---------+-------+---------
           D:1 |       0 |      26 |   0.0 |       0 |      16 |   0.0 |  1181
           D:2 |       0 |      54 |   0.0 |       0 |      19 |   0.0 |   794
               +---------+---------+-------+---------+---------+-------+---------
